 Dungeon Crawl Stone Soup version 0.29.0-13-gc9e81de378 (webtiles) character file.

Game seed: 17292886359143312123

4312 MisterFreud the Fighter (level 10, -4/94 HPs)
             Began as a Meteoran Fighter on Sept 10, 2022.
             Was a High Priest of Okawaru.
             Slain by a wyvern (8 damage)
             ... on level 9 of the Dungeon.
             The game lasted 00:20:30 (3284 turns).

MisterFreud the Fighter (Meteoran Fighter)          Turns: 3284, Time: 00:20:31

Health: -4/94      AC:  8    Str: 21    XL:     10   Next: 88%
Magic:  18/18      EV: 10    Int: 11    God:    Okawaru [*****.]
Gold:   119        SH:  5    Dex: 14    Spells: 9/9 levels left

rFire   . . .      SeeInvis .   u - +2 whip (elec)
rCold   . . .      Faith    +   c - +0 buckler
rNeg    . . .      Spirit   .   h - +2 ring mail of Trial and Error {rElec}
rPois   .          Reflect  .   (no helmet)
rElec   +          Harm     .   (no cloak)
rCorr   .          Rampage  .   (no gloves)
Will    +....                   (no boots)
Stlth   +.........              d - amulet of faith
HPRegen 0.25/turn               (no ring)
MPRegen 0.16/turn               (no ring)

@: glowing
A: sense surroundings 2, otherworldly, glowing, explore regen
a: Renounce Religion, Heroism, Finesse, Duel


You were on level 9 of the Dungeon.
You worshipped Okawaru.
Okawaru was extremely pleased with you.
You visited 1 branch of the dungeon, and saw 9 of its levels.

You collected 277 gold pieces.
You spent 158 gold pieces at shops.

Inventory:

Hand Weapons
 a - a +0 flail
 p - a +2 whip of freezing
 t - a +0 hand axe of electrocution
 u - a +2 whip of electrocution (weapon)
 x - a +0 morningstar
Armour
 b - a +0 scale mail
 c - a +0 buckler (worn)
 h - the +2 ring mail of Trial and Error (worn) {rElec}
   (You found it on level 2 of the Dungeon)

   rElec:     It insulates you from electricity.
Jewellery
 d - an amulet of faith (around neck)
 r - an amulet of magic regeneration
 w - an amulet of the acrobat
Wands
 y - a wand of light (9)
Scrolls
 f - 2 scrolls of identify
 g - 3 scrolls of teleportation
 k - 2 scrolls of immolation
 l - a scroll of silence
 m - a scroll of blinking {unknown}
 n - a scroll of torment {unknown}
 q - a scroll of fear
 z - a scroll of vulnerability {unknown}
 A - a scroll of poison {unknown}
Potions
 e - 2 potions of heal wounds
 i - 3 potions of haste
 j - a potion of brilliance
 o - 2 potions of flight
 s - 2 potions of attraction
 v - a potion of ambrosia {unknown}


   Skills:
 + Level 10.3 Fighting
 - Level 9.0 Maces & Flails
 - Level 8.0 Armour
 - Level 4.0 Shields
 - Level 10.0 Invocations


You had 9 spell levels left.
You didn't know any spells.
Your spell library contained the following spells:

 Spells                   Type           Power      Damage    Failure   Level
 Apportation              Tloc           0%         N/A       56%         1
 Foxfire                  Conj/Fire      0%         2x1d4     56%         1
 Conjure Flame            Conj/Fire      0%         6-21      91%         3
 Inner Flame              Hex/Fire       0%         N/A       91%         3
 Flame Wave               Conj/Fire      0%         2d4       100%        4
 Alistair's Intoxication  Tmut/Pois      0%         N/A       100%        5


Dungeon Overview and Level Annotations

Branches:
Dungeon (9/15) Zot: 2138     Lair (0/5) D:9
 Temple: D:4-7          Orc: D:9-12

Altars:
Ashenzari
Fedhas
Gozag
Okawaru
Sif Muna
Trog
Xom

Shops:
D:2 ?   D:3 *   D:6 (   D:8 !*(

Annotations:
D:4 1 transporter


Innate Abilities, Weirdness & Mutations

You passively map the area around you.
You are easily found by Zot.
You glow in the dark.
You regain HP and MP as you explore.


Message History

You see here a +0 ring mail.
You feel like a meek peon again.
You completely miss the scorpion.
The scorpion is lightly wounded.
You hit the scorpion.
The scorpion is moderately wounded.
The scorpion stings you.
You closely miss the scorpion.
The scorpion is moderately wounded.
The scorpion misses you.
You hit the scorpion.
The scorpion is heavily wounded.
You block the scorpion's attack.
You hit the scorpion but do no damage.
The scorpion is heavily wounded.
The scorpion stings you but does no damage.
You whack the scorpion!
The scorpion is severely wounded.
You hit the scorpion but do no damage.
The scorpion is severely wounded.
The scorpion stings you but does no damage.
You hit the scorpion but do no damage.
The scorpion is severely wounded.
You block the scorpion's attack.
You hit the scorpion but do no damage.
The scorpion is severely wounded.
The scorpion stings you.
You whack the scorpion!
You kill the scorpion!
Okawaru accepts your kill.
A wyvern comes into view.
The wyvern hisses angrily.
You hear an angry hiss.
You closely miss the wyvern. The wyvern bites you!
* * * LOW HITPOINT WARNING * * *
You completely miss the wyvern. The wyvern bites you!
* * * LOW HITPOINT WARNING * * *
You hit the wyvern.
The wyvern is lightly wounded.
The wyvern bites you!
You die...

#.P...P... , ,,,
* * ,
..P.....PP... ,
* * #...P...P...
, ###.♣........,
, , *
...#..PS..P *
,,*
...####.........
* *
#.....l....P..P
, * ,
######s####l###
* * , * #.# #@#
*,
#######.####.# ,
, #...)......#.#
* * *,
#.##....##.#.#
,* , #.#### #.#
, ,, #.# #.# *,
* #.# *,#.#
<*#.### #.#
#...# # #.# * *


You could see a water moccasin and a wyvern.

Vanquished Creatures
  A centaur warrior (D:9)
  Pikel (D:7)
  A wyvern (D:9)
  Eustachio (D:6)
  A vampire mosquito (D:9)
  3 water moccasins (D:9)
  An acid dragon (D:7)
  An orc warrior (D:8)
  2 sky beasts (D:6)
  2 black bears
  3 wolves (D:9)
  2 ogres
  3 centaurs
  3 kobold brigands
  2 bullfrogs
  3 necrophages
  4 scorpions
  2 wights (D:9)
  A jelly (D:5)
  3 hounds
  4 orc priests
  A gnoll bouda (D:5)
  An iguana (D:5)
  3 orc wizards
  6 gnolls
  2 adders
  A white imp (D:8)
  A worm (D:2)
  3 dart slugs
  18 orcs
  5 endoplasms
  4 giant cockroaches
  6 goblins
  7 hobgoblins
  4 jackals (D:4)
  18 kobolds
  2 quokkas
  8 ball pythons
  4 bats
  2 frilled lizards
  5 rats
145 creatures vanquished.

Vanquished Creatures (others)
  A fungus (D:9)
  19 plants
20 creatures vanquished.

Grand Total: 165 creatures vanquished

Notes
Turn   | Place    | Note
-------+----------+-------------------------------------------
     0 | D:1      | MisterFreud the Meteoran Fighter began the quest for the
                  | Orb.
     0 | D:1      | Reached XP level 1. HP: 19/19 MP: 2/2
    89 | D:1      | Reached XP level 2. HP: 24/26 MP: 3/3
   274 | D:1      | Reached XP level 3. HP: 29/29 MP: 4/4
   382 | D:2      | Identified the +2 ring mail of Trial and Error {rElec}
   714 | D:2      | Found Axzomutwiw's Magic Scroll Shoppe.
   717 | D:2      | Bought a scroll of teleportation for 42 gold pieces
   891 | D:3      | Reached XP level 4. HP: 38/38 MP: 5/5
   912 | D:3      | Found a shimmering altar of Xom.
   915 | D:3      | Found an opulent altar of Gozag.
   938 | D:3      | Found a blossoming altar of Fedhas.
   938 | D:3      | Found a bloodstained altar of Trog.
   938 | D:3      | Found an iron altar of Okawaru.
   946 | D:3      | Became a worshipper of Warmaster Okawaru
  1004 | D:4      | Noticed an ogre
  1048 | D:5      | Entered Level 5 of the Dungeon
  1048 | D:5      | Noticed a scorpion
  1055 | D:5      | Killed a scorpion
  1056 | D:5      | Reached skill level 5 in Maces & Flails
  1056 | D:5      | Reached XP level 5. HP: 33/45 MP: 5/7
  1078 | D:5      | Noticed an ogre
  1103 | D:5      | Killed an ogre
  1104 | D:5      | Reached XP level 6. HP: 9/51 MP: 9/9
  1115 | D:5      | Reached * piety under Okawaru
  1152 | D:4      | You fall into a shaft and drop 3 floors!
  1167 | D:7      | Noticed an acid dragon
  1177 | D:7      | Killed an acid dragon
  1178 | D:7      | Reached XP level 7. HP: 6/57 MP: 11/11
  1201 | D:6      | Found Lamny's Weapon Emporium.
  1294 | D:6      | Reached ** piety under Okawaru
  1295 | D:6      | Reached XP level 8. HP: 50/67 MP: 12/12
  1311 | D:6      | Reached skill level 5 in Fighting
  1451 | D:5      | Reached *** piety under Okawaru
  1651 | D:3      | Gained mutation: You passively map the area around you.
                  | [Meteoran growth]
  1651 | D:3      | Reached XP level 9. HP: 79/79 MP: 13/13
  1722 | D:3      | Found Vihiumaj's General Store.
  1727 | D:3      | Bought a scroll of fear for 56 gold pieces
  1901 | D:4      | Found a shimmering blue altar of Sif Muna.
  2051 | D:4      | Found a transporter.
  2244 | D:5      | Found a broken altar of Ashenzari.
  2392 | D:6      | Noticed Eustachio
  2419 | D:6      | Killed Eustachio
  2420 | D:6      | Reached skill level 5 in Armour
  2420 | D:6      | Reached skill level 5 in Invocations
  2573 | D:7      | Noticed Pikel
  2592 | D:7      | Killed Pikel
  2592 | D:7      | Reached **** piety under Okawaru
  2702 | D:8      | Found Ysirr's Assorted Antiques.
  2748 | D:8      | Found Luper's Distillery.
  2801 | D:8      | Reached XP level 10. HP: 25/88 MP: 16/16
  2836 | D:8      | Bought a potion of heal wounds for 60 gold pieces
  2939 | D:8      | Found Nuaseun's Weapon Shop.
  3078 | D:9      | Noticed a centaur warrior
  3096 | D:9      | Killed a centaur warrior
  3096 | D:9      | Reached ***** piety under Okawaru
  3097 | D:9      | Reached skill level 10 in Invocations
  3157 | D:9      | Found a staircase to the Lair.
  3200 | D:9      | Reached skill level 10 in Fighting
  3283 | D:9      | HP: 3/94 [wyvern (14)]
  3284 | D:9      | Slain by a wyvern

Illustrated notes

Levels and vault maps discovered:
D:1:      scummos_arrival_gate, layout_loops_corners,
          shapermc_ecumenical_altar_petra, minmay_bisected
D:2:      layout_loops_ring, serial_aquarium, aquarium_bridge_long_joined
          [aquarium_subvault_window, aquarium_subvault_bridge,
          aquarium_subvault_wall, aquarium_subvault_bridge,
          aquarium_subvault_bridge, aquarium_subvault_balcony],
          aquarium_bridge_square [aquarium_subvault_bridge,
          aquarium_subvault_wall, aquarium_subvault_bridge,
          aquarium_subvault_bridge], aquarium_window_fake, aquarium_window_fake,
          aquarium_view_2b, aquarium_view_2e, serial_shops, nicolae_shop_stone
D:3:      layout_basic, nicolae_overflow_hidden_temple, serial_shops,
          nicolae_shop_hallway_plus
D:4:      layout_loops_ring, mainiacjoe_overflow_tiny_flanked,
          gammafunk_ghost_gnarly_gnolls, serial_glass, glass_columns_b,
          glass_columns_b, glass_columns_a, glass_columns_a, glass_columns_b,
          glass_columns_a, portal_sewer_entry_e
D:5:      layout_cave_pools, nicolae_ashenzari_panopticon, dk_noncrumbling_4
D:6:      layout_gridville, minmay_temple_entry_proselytizer, serial_shops,
          nicolae_shop_bloodbath_and_beyond, minmay_misc_feat_four_crosses,
          dk_noncrumbling_3, uniq_eustachio
D:7:      nicolae_cairo_tiling_large, layout_basic, uniq_pikel
D:8:      layout_rooms, serial_shops, shop_fountains, nicolae_square_shop,
          nicolae_shop_hallway_stairs
D:9:      layout_loops_ring, minmay_lair_entry_grove, enter_bailey_2,
          minivault_20

Skill      XL: |  1  2  3  4  5  6  7  8  9 10 |
---------------+-------------------------------+-----
Maces & Flails | 3 4 5 6 7 9 |  9.0
Invocations    | 2 3 4 7 10 | 10.0
Fighting       | 4 7 8 10 | 10.3
Armour         | 7 8 |  8.0
Shields        | 4 |  4.0

Action                   |  1- 3 |  4- 6 |  7- 9 | 10-12 || total
-------------------------+-------+-------+-------+-------++-------
Melee: Flail             |    91 |    58 |   300 |    21 ||   470
       Whip              |       |       |       |   150 ||   150
Invok: Heroism           |       |     1 |       |     2 ||     3
  Use: Scroll            |       |     4 |     3 |     1 ||     8
       Potion            |       |     2 |       |     4 ||     6
Armor: Scale mail        |    19 |       |       |       ||    19
       Ring mail         |    20 |    24 |   121 |    60 ||   225
Dodge: Dodged            |    34 |    21 |   101 |    48 ||   204
Block: Buckler           |    18 |    23 |    62 |    43 ||   146
